 Dungeon Crawl Stone Soup version 0.30-a0-596-g0af90f9a20 (webtiles) character file.

Game seed: 12518358035741261256

284 bmack86 the Trooper (level 6, -13/56 HPs)
             Began as a Minotaur Fighter on Jan 7, 2023.
             Mangled by Menkaure (17 damage)
             ... on level 4 of the Dungeon.
             The game lasted 00:11:49 (2691 turns).

bmack86 the Trooper (Minotaur Fighter)              Turns: 2691, Time: 00:11:50

Health: -13/56     AC: 13    Str: 23    XL:     6   Next: 7%
Magic:  5/5        EV:  7    Int:  5    God:
Gold:   179        SH:  5    Dex: 15    Spells: 5/5 levels left

rFire   . . .      SeeInvis .    a - +1 war axe (venom)
rCold   . . .      Faith    .    c - +0 buckler
rNeg    . . .      Spirit   .    t - +0 chain mail
rPois   .          Reflect  .    (helmet restricted)
rElec   .          Harm     .    k - +0 cloak
rCorr   +          Rampage  .    h - +0 pair of gloves
Will    .....                    l - +0 pair of boots Stlth
                                 (no amulet)
HPRegen 0.29/turn                n - +6 ring of dexterity
MPRegen 0.09/turn                r - ring of resist corrosion

@: no status effects
A: horns 2, retaliatory headbutt
a: no special abilities


You were on level 4 of the Dungeon.
You visited 1 branch of the dungeon, and saw 4 of its levels.

You collected 179 gold pieces.

Inventory:

Hand Weapons
 a - a +1 war axe of venom (weapon)
Missiles
 e - 2 boomerangs (quivered)
 m - 4 boomerangs of dispersal
 v - 8 javelins
 x - 8 poisoned darts
Armour
 b - a +0 scale mail
 c - a +0 buckler (worn)
 f - a scarf of harm
 h - a +0 pair of gloves (worn)
 k - a +0 cloak (worn)
 l - a +0 pair of boots (worn)
 t - a +0 chain mail (worn)
Jewellery
 n - a +6 ring of dexterity (left hand)
 o - an amulet of faith
 r - a ring of resist corrosion (right hand)
 y - a ring of flight
Scrolls
 g - 2 scrolls of teleportation
 p - a scroll of identify
Potions
 d - 2 potions of might
 i - a potion of heal wounds
 j - a potion of curing {unknown}
 q - a potion of attraction
 s - a potion of flight {unknown}
 u - a potion of lignification {unknown}


   Skills:
 * Level 5.3 Fighting
 * Level 4.5 Axes
 + Level 1.9 Throwing
 + Level 4.6 Armour
 + Level 4.5 Shields


You had 5 spell levels left.
You didn't know any spells.
Your spell library contained the following spells:

 Spells                   Type           Power      Damage    Failure   Level
 Blink                    Tloc           0%         N/A       100%        2
 Momentum Strike          Conj/Tloc      0%         3d8       100%        2
 Frozen Ramparts          Ice            0%         1d1       100%        3
 Lesser Beckoning         Tloc           0%         N/A       100%        3
 Ice Form                 Ice/Tmut       0%         N/A       100%        4
 Summon Ice Beast         Ice/Summ       0%         N/A       100%        4
 Conjure Ball Lightning   Conj/Air       0%         3x3d6     100%        6
 Discord                  Hex            0%         N/A       100%        8
 Disjunction              Tloc           0%         N/A       100%        8


Dungeon Overview and Level Annotations

Branches:
Dungeon (4/15)
 Temple: D:4-7

Altars:

Annotations:
D:4 Menkaure


Innate Abilities, Weirdness & Mutations

You have a pair of horns on your head.
You reflexively headbutt those who attack you in melee.


Message History

The orc completely misses you.
The orc priest shouts!
You slash the orc!
You kill the orc!
You slash the orc priest!
The orc priest looks satisfied for a moment.
You slash the orc!
You kill the orc!
You slash the orc priest!
You kill the orc priest!
The orc priest calls down the wrath of Beogh upon you.
Beogh smites you!
The orc priest invokes the aid of Beogh against you.
Pain shoots through your body!
A kobold comes into view. It is wielding a +0 short sword.
Things that are here:
a +0 short sword; a +0 club; an orc corpse Menkaure, Prince of Dust comes into view.
Found 13 gold pieces.
Menkaure shouts!
You slash the orc priest!
The orc priest looks as sick as possible!
The orc priest is almost dead.
You kill the orc priest!
A quokka comes into view.
You have reached level 6!
You hit the kobold.
The kobold is poisoned.
Your headbutt misses the kobold.
The kobold is severely wounded.
You kill the kobold!
Menkaure calls on the powers of darkness!
Your body is wracked with pain!
The quokka convulses!
Things that are here:
a +0 short sword; a +0 flail You barely miss Menkaure.
Menkaure hits you!
* * * LOW HITPOINT WARNING * * *
You slash Menkaure!
Menkaure is severely damaged.
The quokka twitches its whiskers.
Menkaure hits you!
You die...

..#.#.........
..###...####...#
.#...#..# #... ....##..#
#..# ...###..# #..# ...#
#..####..# .. #...##...#
.
.....#...##..#######....
............)..@M....$.
......###...)...r......
#.....# ###.#######....
##.... #.# ... #....#
#.. . #.... #..# ..?
...# ....


You could see Menkaure and a quokka.

Vanquished Creatures
  A phantom (D:4)
  2 jellies
  2 orc priests (D:4)
  A gnoll (D:1)
  3 adders
  A worm (D:3)
  A dart slug (D:3)
  2 orcs (D:4)
  2 endoplasms (D:1)
  A giant cockroach (D:2)
  6 goblins
  5 hobgoblins
  3 jackals (D:2)
  2 quokkas (D:3)
  5 ball pythons
  7 bats
  3 frilled lizards
  5 kobolds
  3 rats
55 creatures vanquished.

Notes
Turn   | Place    | Note
-------+----------+-------------------------------------------
     0 | D:1      | bmack86 the Minotaur Fighter began the quest for the Orb.
     0 | D:1      | Reached XP level 1. HP: 19/19 MP: 0/0
    98 | D:1      | Reached XP level 2. HP: 26/27 MP: 1/1
   368 | D:1      | Reached skill level 4 in Fighting
   968 | D:2      | Reached XP level 3. HP: 26/33 MP: 2/2
  1582 | D:3      | Reached skill level 1 in Throwing
  1692 | D:3      | Reached XP level 4. HP: 34/41 MP: 3/3
  2520 | D:4      | Reached XP level 5. HP: 47/47 MP: 4/4
  2542 | D:4      | Noticed a phantom
  2554 | D:4      | Killed a phantom
  2555 | D:4      | Reached skill level 5 in Fighting
  2685 | D:4      | Noticed Menkaure
  2688 | D:4      | Reached XP level 6. HP: 35/56 MP: 5/5
  2691 | D:4      | Mangled by Menkaure

Illustrated notes

Levels and vault maps discovered:
D:1:      shiori_shiawase, layout_basic
D:2:      layout_basic
D:3:      layout_basic, chequers_serial_rivers_room_a
D:4:      layout_layer_cave, minmay_temple_entry_drinking_statues,
          grunt_decor_one_mirror, uniq_menkaure

Skill      XL: |  1  2  3  4  5 |
---------------+----------------+-----
Axes           | 3 4 |  4.5
Fighting       | 4 5 |  5.3
Armour         | 4 |  4.6
Shields        | 4 |  4.5
Throwing       | 1 |  1.9

Action                   |  1- 3 |  4- 6 || total
-------------------------+-------+-------++-------
Melee: War axe           |    69 |    37 ||   106
       Headbutt          |    10 |     7 ||    17
  Use: Scroll            |     3 |     4 ||     7
Armor: Scale mail        |    50 |     1 ||    51
       Chain mail        |       |    18 ||    18
Dodge: Dodged            |    34 |    10 ||    44
Block: Buckler           |    14 |     4 ||    18

Table legend: (Time is in decaauts)
 A = Elapsed time spent in this place.
 B = Non-inter-level travel time spent in this place.
 C = Inter-level travel time spent in this place.
 D = Time resting spent in this place.
 E = Time spent auto-exploring this place.
 F = Levels seen in this place.
 G = Mean time per level.
                   A        B        C        D        E       F      G
               +--------+--------+--------+--------+--------+-----+--------+
         Total |   2729 |   2651 |     78 |      0 |   1958 |   4 |  682.2 |
       Dungeon |   2729 |   2651 |     78 |      0 |   1958 |   4 |  682.2 |
               +--------+--------+--------+--------+--------+-----+--------+

Top non-repeatable levels by time:
     D:2: 937 daAuts
     D:3: 899 daAuts
     D:1: 648 daAuts
     D:4: 243 daAuts
